 Dungeon Crawl Stone Soup version 0.18-a0-1800-gdc7a371 (webtiles) character file.

119 Chiseanne the Ruffian (level 4, 0/45 HPs)
             Began as a Troll Monk on Apr 24, 2016.
             Slain by a gnoll
             ... wielding a +0 spear
              (8 damage)
             ... on level 3 of the Dungeon.
             The game lasted 00:03:29 (1891 turns).

Chiseanne the Ruffian (Troll Monk)                  Turns: 1891, Time: 00:03:30

Health: 0/45       AC:  6    Str: 19    XL:     4   Next: 73%
Magic:  3/3        EV: 11    Int:  6    God:
Gold:   108        SH:  0    Dex: 13    Spells: 0 memorised, 3 levels left

rFire  . . .     SeeInvis .       - Unarmed
rCold  . . .     Gourm    +     o - +0 robe
rNeg   . . .     Faith    .     (no shield)
rPois  .         Spirit   .     (helmet restricted)
rElec  .         Dismiss  .     q - +0 cloak (curse)
rCorr  .         Reflect  .     (gloves unavailable)
SustAt .         Harm     .     (boots unavailable)
MR     .....                    (no amulet)
Stlth  +.........               (no ring)
                                (no ring)

@: not resistant to hostile enchantments, very unstealthy
A: unfitting armour, claws 3, fast metabolism 3, gourmand, regeneration 2,
shaggy fur 1, tough skin 2
a: no special abilities


You were on level 3 of the Dungeon.
You were completely stuffed.

You visited 1 branch of the dungeon, and saw 3 of its levels.

You collected 108 gold pieces.

Inventory:

Hand Weapons
 a - a +4 quarterstaff of chaos
Missiles
 c - 57 stones (quivered)
 f - 36 sling bullets
 g - 115 arrows
 j - 13 poisoned needles
 t - 47 bolts
Armour
 o - a +0 robe (worn)
 q - a cursed +0 cloak (worn)
Jewellery
 y - an uncursed ring of protection from fire {unknown}
 C - an uncursed amulet of regeneration {unknown}
Wands
 A - a wand of slowing (28/48)
Scrolls
 d - a scroll of magic mapping {unknown}
 e - a scroll of blinking {unknown}
 i - 2 scrolls of random uselessness {unknown}
 k - a scroll of fog {unknown}
 l - a scroll of enchant weapon {unknown}
 m - 2 scrolls of identify {unknown}
 u - a scroll of immolation {unknown}
 D - a scroll of teleportation {unknown}
Potions
 h - a potion of lignification {unknown}
 r - a potion of agility {unknown}
 s - a potion of might {unknown}
 v - a potion of magic {unknown}
 w - a potion of berserk rage {unknown}
 x - a potion of haste {unknown}
 z - a potion of heal wounds {unknown}
Comestibles
 b - 4 bread rations
 n - a royal jelly
 p - 3 beef jerkies


   Skills:
 * Level 3.5 Fighting
 * Level 3.6 Dodging
 - Level 1.1 Stealth
 - Level 4.0 Unarmed Combat


You had 3 spell levels left.
You didn't know any spells.

Dungeon Overview and Level Annotations

Branches:
Dungeon (3/15)

Altars:
Pakellas


Innate Abilities, Weirdness & Mutations

You are too large for most types of armour.
You have claws for hands.
Your metabolism is lightning-fast.
You like to eat raw meat.
You heal very quickly.
You are covered in fur (AC +1).
You have very tough skin (AC +2).


Message History

You are too injured to fight recklessly!
You are too injured to fight recklessly!
You are too injured to fight recklessly!
You are too injured to fight recklessly!
You are too injured to fight recklessly!
The rat twitches its whiskers.
You claw the rat!
You kill the rat!
You scratch the gnoll.
The gnoll is moderately wounded.
The gnoll barely misses you.
You scratch the gnoll.
The gnoll is almost dead.
The gnoll hits you from afar with a spear!
* * * LOW HITPOINT WARNING * * *
The gnoll barely misses you.
You scratch the gnoll but do no damage.
The gnoll is almost dead.
The gnoll hits you from afar with a spear!
You die...

#.# ####.#.## #. #.# .. ## ## #
#.# ## #.# #.###. .### #.#
#.###### #.....#... #.#
###.##...# #.# #.))# #.#####
<........### #.# #g# #......
###........# #.# #.# #######
...........###.####.# ###########
..#...รท.........@gg.#
#.......... #.####...#####.######
#.#########
#...........##.########.# #...
........................######.##
#.#########.###.#######..........
#.# #.# #.# #.####...## ..# #####
#.###.#######.# #.### ### #...#
#...[.........# #.# #.#.#
#####.######### #.#


You could see 2 gnolls.

Vanquished Creatures
  An orc wizard (D:3)
  Crazy Yiuf (D:2)
  A gnoll (D:3)
  2 adders (D:2)
  A giant gecko (D:1)
  An orc (D:3)
  2 giant cockroaches (D:2)
  5 goblins
  4 hobgoblins
  5 kobolds
  A quokka (D:2)
  4 bats
  A giant newt (D:3)
  4 rats
33 creatures vanquished.

Notes
Turn   | Place    | Note
--------------------------------------------------------------
     0 | D:1      | Chiseanne the Troll Monk began the quest for the Orb.
     0 | D:1      | Reached XP level 1. HP: 22/22 MP: 0/0
   729 | D:1      | Reached XP level 2. HP: 22/29 MP: 1/1
   879 | D:2      | Found an oddly glowing altar of Pakellas.
   946 | D:2      | Noticed Crazy Yiuf
   954 | D:2      | Killed Crazy Yiuf
   954 | D:2      | Reached XP level 3. HP: 37/37 MP: 2/2
  1482 | D:2      | Reached XP level 4. HP: 45/45 MP: 3/3
  1891 | D:3      | Slain by a gnoll

Vault maps used:
D:1:      scummos_arrival_simple_fountains
D:2:      first_bread, nrook_uturn, st_stairs_12, grunt_pakellas_basics,
          uniq_crazy_yiuf_cottage
D:3:      gammafunk_temple_overflow_pools

Skill      XL: |  1  2 |
---------------+-------+-----
Fighting       | 3 |  3.5
Dodging        | 3 |  3.6
Stealth        | |  1.1
Unarmed Combat | |  4.0

Action                   |  1- 3 |  4- 6 || total
-------------------------+-------+-------++-------
Melee: Unarmed           |    61 |    38 ||    99
       Quarterstaff      |     3 |       ||     3
       Punch             |       |     1 ||     1
 Stab: Sleeping          |     3 |       ||     3
  Eat: Chunk             |    15 |     8 ||    23
Armor: Robe              |    23 |    12 ||    35
Dodge: Dodged            |    33 |    23 ||    56
